 Dungeon Crawl Stone Soup version 0.26-a0-631-ged93497179 (webtiles) character file.

Game seed: 7851548112323566939

19831 Steinvaildir the Geomancer (level 12, -10/71 HPs)
             Began as a Gargoyle Earth Elementalist on Sept 13, 2020.
             Was an Elder of Vehumet.
             Hit by a large rock thrown by a stone giant (30 damage)
             ... on level 13 of the Dungeon.
             The game lasted 00:40:47 (15552 turns).

Steinvaildir the Geomancer (GrEE)                  Turns: 15552, Time: 00:40:48

Health: -10/71     AC: 20    Str: 12    XL:     12   Next: 73%
Magic:  1/21       EV: 15    Int: 29    God:    Vehumet [****..]
Gold:   1180       SH:  6    Dex: 17    Spells: 7/27 levels left

rFire    . . .     SeeInvis .   q - +2 whip (flame)
rCold    + . .     Faith    .   C - +1 buckler "Higy" {Dex+7}
rNeg     + + .     Spirit   .   r - +2 robe {rN+}
rPois    ∞         Reflect  .   h - +1 helmet
rElec    +         Harm     .   w - +2 cloak
rCorr    .         Rampage  .   E - +0 pair of gloves (curse)
MR       .....                  (no boots)
Stlth    ++........             y - amulet of magic regeneration
HPRegen  0.21/turn              x - +6 ring of intelligence
MPRegen  0.42/turn              f - ring of protection from cold

@: no status effects
A: blurry vision 1, clever 1, low mp 1, negative energy resistance 1,
electricity resistance, unbreathing, petrification resistance, rot immunity, AC
+8
a: Renounce Religion


You were on level 13 of the Dungeon.
You worshipped Vehumet.
Vehumet was greatly pleased with you.
You visited 2 branches of the dungeon, and saw 14 of its levels.

You collected 1524 gold pieces.
You spent 344 gold pieces at shops.

Inventory:

Hand Weapons
 l - a +0 morningstar
 q - a +2 whip of flaming (weapon)
Missiles
 b - 284 stones (quivered)
Armour
 e - a scarf of repulsion
 h - a +1 helmet (worn)
 r - a +2 robe of positive energy (worn)
 w - a +2 cloak (worn)
 C - the +1 buckler "Higy" (worn) {Dex+7}
   (You found it on level 10 of the Dungeon)

   It affects your dexterity (+7).
 E - a cursed +0 pair of gloves (worn)
Jewellery
 f - a ring of protection from cold (right hand)
 n - an uncursed ring of ice
 x - a +6 ring of intelligence (left hand)
 y - an amulet of magic regeneration (around neck)
Wands
 k - a wand of random effects (15)
 z - a wand of flame (25)
 H - a wand of polymorph (6)
Scrolls
 a - 9 scrolls of teleportation
 d - 9 scrolls of remove curse
 g - 2 scrolls of fear
 p - 2 scrolls of amnesia
 A - 3 scrolls of magic mapping
 B - 3 scrolls of enchant weapon
 F - a scroll of holy word
 G - a scroll of fog
Potions
 c - 2 potions of flight
 i - a potion of brilliance
 j - a potion of haste
 m - 3 potions of stabbing
 o - 3 potions of curing
 s - a potion of might
 t - a potion of resistance
 u - a potion of cancellation
 v - a potion of heal wounds
 D - a potion of invisibility


   Skills:
 + Level 6.6 Fighting
 + Level 5.9 Maces & Flails
 - Level 6.0 Armour
 + Level 5.2 Dodging
 - Level 2.1 Stealth
 + Level 3.1 Shields
 + Level 8.2 Spellcasting
 + Level 9.0 Conjurations
   Level 0.7 Transmutations
 * Level 5.7 Fire Magic
 + Level 10.7 Earth Magic
 + Level 5.2 Evocations


You had 7 spell levels left.
You knew the following spells:

 Your Spells              Type           Power        Failure   Level
a - Sandblast             Erth           ######       1%          1
b - Stone Arrow           Conj/Erth      ######       1%          3
c - Lee's Rapid Deconstr  Erth           ######....   1%          5
d - Iron Shot             Conj/Erth      ######....   3%          6
e - Bolt of Magma         Conj/Fire/Erth ######....   1%          5

Your spell library contained the following spells:

 Spells                   Type           Power        Failure   Level
 Ignite Poison            Fire/Tmut/Pois ###.....     1%          3
 Magic Dart               Conj           ####         1%          1
 Shock                    Conj/Air       ####         1%          1
 Passwall                 Tmut/Erth      #####...     1%          2
 Conjure Flame            Conj/Fire      ######..     1%          3
 Mephitic Cloud           Conj/Pois/Air  ####....     1%          3
 Static Discharge         Conj/Air       #####...     1%          3
 Iskenderun's Battlesphe  Conj           ######..     1%          5
 Petrify                  Tmut/Erth      #####...     4%          4
 Lightning Bolt           Conj/Air       #####.....   6%          5
 Blink                    Tloc           N/A          8%          2
 Call Imp                 Summ           ##......     8%          2
 Slow                     Hex            ##......     8%          2
 Swiftness                Air            ##......     8%          2
 Airstrike                Air            ##........   13%         4
 Orb of Destruction       Conj           ######....   26%         7
 Yara's Violent Unravell  Hex/Tmut       ##........   30%         5
 Cause Fear               Hex            ##........   45%         4
 Silence                  Hex/Air        ##........   80%         5
 Spellforged Servitor     Conj/Summ      #####.....   82%         7
 Ignition                 Fire           #####.....   99%         8
 Discord                  Hex            ##........   100%        8
 Shatter                  Erth           ######....   100%        9
 Tornado                  Air            ##........   100%        9


Dungeon Overview and Level Annotations

Branches:
Dungeon (13/15)            Temple (1/1) D:5            Lair (0/6) D:11
    Orc (0/2) D:10
 Vaults: D:13-14

Altars:
Ashenzari
Cheibriados
Dithmenos
Elyvilon
Fedhas
Gozag
Hepliaklqana
Kikubaaqudgha
Makhleb
Nemelex Xobeh
Okawaru
Qazlal
Ru
Sif Muna
Trog
Uskayaw
Vehumet
Wu Jian
Xom
Yredelemnul
Zin
The Shining One
Beogh

Shops:
D:7 (   D:11 ?

Annotations:
D:5 2 transporters, Eustachio
D:9 2 transporters
D:11 5 transporters


Innate Abilities, Weirdness & Mutations

You are resistant to torment.
Your stone body is resilient. (AC +8)
You are immune to poison.
You resist negative energy. (rN+)
You are resistant to electric shocks. (rElec)
You can survive without breathing.
You are immune to petrification.
You are immune to rotting.
Scrolls take you a little longer to read.
Your mind is acute. (Int +2)
Your magical capacity is low. (-10% MP)


Message History

Confirm with . or Enter, or press ? or * to list all spells.
Aiming: Iron Shot (dangerous; 4% risk of failure)
Press: ? - help, Shift-Dir - straight line The iron shot hits the vault guard!!!
You kill the vault guard!
Vehumet accepts your kill.
You feel your power returning.
Your Conjurations skill increases to level 9!
The stone giant throws a large rock.
The large rock hits you.
Casting: Iron Shot (dangerous; 3% risk of failure)
Confirm with . or Enter, or press ? or * to list all spells.
Aiming: Iron Shot (dangerous; 3% risk of failure)
Press: ? - help, Shift-Dir - straight line The iron shot hits the stone giant!!
The stone giant is severely wounded.
The stone giant throws a large rock.
The large rock hits you!!!
Ouch! That really hurt!
* * * LOW HITPOINT WARNING * * *
The stone giant throws a large rock.
The large rock hits you!!
You die...

#)# #...### #..... #.#
#.### #....# #9# ####
##...# #a# #.# ###..
#u#.## #.. #C#.# ##.
#.#)## ##.. #.#.#(##
###..( ######@# ##....(
##.# ##.....# #..#
###......# ######.###
##........#
..........#####..........
.........................
###############.....(....
##........# ###......#


You could see a stone giant, a brown ugly thing, a soldier ant and a gargoyle.

Vanquished Creatures
  A vault guard (D:13)
  A hydra (D:8)
  2 centaur warriors
  6 two-headed ogres
  A tengu warrior (D:13)
  Pikel (D:5)
  A cyclops (D:13)
  An ugly thing (D:11)
  Maggie (D:10)
  2 trolls
  Grinder (D:3)
  Prince Ribbit (D:7)
  4 slime creatures (D:12)
  3 hippogriffs
  5 yaks (D:10)
  2 water elementals (D:11)
  A vampire mosquito (D:8)
  Menkaure (D:7)
  A soldier ant (D:12)
  A soldier ant (shapeshifter) (D:8)
  Duvessa (D:6)
  6 orc warriors
  2 ice beasts
  2 sky beasts
  6 ogres
  2 eyes of draining
  A necrophage (D:8)
  4 phantoms
  9 centaurs
  3 wolves (D:11)
  A crocodile (D:8)
  2 big kobolds
  11 bullfrogs
  A wyvern zombie (D:10)
  A water moccasin zombie (D:9)
  5 scorpions
  Dowan (D:6)
  A killer bee (D:8)
  3 wights
  3 howler monkeys (D:7)
  5 centaur zombies
  11 hounds
  7 orc priests
  2 centaur skeletons
  2 jellies
  A bullfrog zombie (D:7)
  A bullfrog skeleton (D:12)
  7 iguanas
  13 orc wizards
  12 worker ants
  2 killer bee zombies
  A hound skeleton (D:9)
  A worker ant zombie (D:11)
  6 gnolls
  11 adders
  8 river rats (D:6)
  2 white imps
  An ufetubus (D:8)
  An ooze (D:1)
  3 adder skeletons
  3 worms
  5 leopard geckos
  51 orcs
  7 giant cockroaches
  3 hobgoblins
  4 jackals
  12 quokkas
  3 ball pythons
  7 bats
  3 frilled lizards
  12 goblins
  18 kobolds
  A quokka skeleton (D:4)
  A quokka zombie (D:8)
  21 rats
350 creatures vanquished.

Notes
Turn   | Place    | Note
-------+----------+-------------------------------------------
     0 | D:1      | Steinvaildir the Gargoyle Earth Elementalist began the
                  | quest for the Orb.
     0 | D:1      | Reached XP level 1. HP: 10/10 MP: 3/3
   226 | D:1      | Reached skill level 4 in Earth Magic
   226 | D:1      | Reached XP level 2. HP: 14/15 MP: 0/5
  1034 | D:2      | Reached XP level 3. HP: 8/19 MP: 2/6
  1214 | D:2      | Learned a level 3 spell: Stone Arrow
  1969 | D:3      | Noticed a phantom
  1976 | D:3      | Killed a phantom
  1976 | D:3      | Reached skill level 5 in Earth Magic
  1976 | D:3      | Reached XP level 4. HP: 24/24 MP: 0/9
  1976 | D:3      | Reached XP level 5. HP: 28/28 MP: 0/10
  2072 | D:3      | Learned a level 5 spell: Lee's Rapid Deconstruction
  2339 | D:3      | Noticed a centaur
  2416 | D:3      | Killed a centaur
  2416 | D:3      | Reached XP level 6. HP: 25/32 MP: 4/11
  2759 | D:3      | Found a stormy altar of Qazlal.
  2789 | D:3      | Noticed Grinder
  2790 | D:3      | Paralysed by Grinder for 4 turns
  2800 | D:3      | Killed Grinder
  2800 | D:3      | Reached skill level 6 in Earth Magic
  2800 | D:3      | Reached XP level 7. HP: 23/36 MP: 2/13
  3069 | D:4      | You fall into a shaft and drop 2 floors!
  3085 | D:6      | Noticed Duvessa
  3085 | D:6      | Noticed Dowan
  3096 | D:6      | Killed Dowan
  3102 | D:6      | Killed Duvessa
  3464 | D:6      | Reached skill level 5 in Spellcasting
  3464 | D:6      | Reached skill level 7 in Earth Magic
  3722 | D:6      | Reached XP level 8. HP: 19/41 MP: 4/15
  3723 | D:6      | Reached skill level 5 in Conjurations
  4095 | D:5      | Entered Level 5 of the Dungeon
  5521 | D:4      | Gained mutation: Your magical capacity is low. (-10% MP)
                  | [potion of mutation]
  5521 | D:4      | Gained mutation: Scrolls take you a little longer to read.
                  | [potion of mutation]
  5521 | D:4      | Gained mutation: Your mind is acute. (Int +2) [potion of
                  | mutation]
  5783 | D:5      | Reached skill level 8 in Earth Magic
  5959 | D:5      | Reached skill level 1 in Fighting
  6083 | D:5      | Reached skill level 1 in Maces & Flails
  6083 | D:5      | Reached skill level 1 in Armour
  6270 | D:5      | Found a staircase to the Ecumenical Temple.
  6276 | Temple   | Entered the Ecumenical Temple
  6400 | Temple   | Became a worshipper of Vehumet
  6511 | D:5      | Noticed Pikel
  6524 | D:5      | Killed Pikel
  6524 | D:5      | Reached skill level 1 in Evocations
  6524 | D:5      | Reached XP level 9. HP: 48/48 MP: 6/16
  6598 | D:5      | Noticed Eustachio
  6646 | D:5      | Found a transporter.
  6647 | D:5      | Found a hazy altar of Hepliaklqana.
  6664 | D:5      | Found a transporter.
  6866 | D:5      | You fall into a shaft and drop 3 floors!
  8147 | D:7      | Noticed Menkaure
  8365 | D:7      | Killed Menkaure
  8511 | D:7      | Noticed Prince Ribbit
  8519 | D:7      | Killed Prince Ribbit
  8519 | D:7      | Reached skill level 9 in Earth Magic
  8519 | D:7      | Reached XP level 10. HP: 43/56 MP: 1/18
  8698 | D:7      | Reached * piety under Vehumet
  8698 | D:7      | Offered knowledge of Foxfire by Vehumet.
  8886 | D:7      | Found Zobbuqul's Weapon Emporium.
  9391 | D:8      | Identified a scroll of acquirement
  9393 | D:8      | Acquired 510 gold pieces
  9484 | D:8      | Found a roughly hewn altar of Beogh.
  9530 | D:8      | Offered knowledge of Searing Ray by Vehumet.
  9737 | D:8      | Reached ** piety under Vehumet
  9778 | D:8      | Noticed a centaur warrior
  9779 | D:8      | Noticed a six-headed hydra
  9786 | D:8      | Killed a six-headed hydra
  9788 | D:8      | Killed a centaur warrior
 10152 | D:8      | Acquired a book of Power
 10162 | D:8      | Learned a level 6 spell: Iron Shot
 10168 | D:8      | Learned a level 5 spell: Bolt of Magma
 10578 | D:9      | Noticed a two-headed ogre
 10581 | D:9      | Killed a two-headed ogre
 10581 | D:9      | Reached skill level 5 in Fighting
 10581 | D:9      | Reached skill level 1 in Fire Magic
 10581 | D:9      | Reached XP level 11. HP: 63/63 MP: 7/19
 10913 | D:9      | Offered knowledge of Static Discharge by Vehumet.
 10935 | D:9      | Reached skill level 5 in Armour
 11019 | D:9      | Reached *** piety under Vehumet
 11307 | D:9      | Noticed a two-headed ogre
 11311 | D:9      | Noticed a two-headed ogre
 11312 | D:9      | Killed a two-headed ogre
 11317 | D:9      | Killed a two-headed ogre
 11317 | D:9      | Reached skill level 10 in Earth Magic
 11456 | D:9      | Found a transporter.
 11456 | D:9      | Found a transporter.
 11601 | D:10     | Entered Level 10 of the Dungeon
 11660 | D:10     | Offered knowledge of Dazzling Flash by Vehumet.
 11707 | D:10     | Noticed a two-headed ogre
 11712 | D:10     | Killed a two-headed ogre
 12098 | D:10     | Noticed Maggie
 12101 | D:10     | Killed Maggie
 12101 | D:10     | Reached skill level 5 in Maces & Flails
 12334 | D:10     | Found a staircase to the Orcish Mines.
 12398 | D:10     | Got a polished buckler
 12404 | D:10     | Identified the +1 buckler "Higy" {Dex+7} (You found it on
                  | level 10 of the Dungeon)
 12711 | D:10     | Reached **** piety under Vehumet
 12968 | D:11     | Noticed a white ugly thing
 12974 | D:11     | Killed a white ugly thing
 12997 | D:11     | Reached XP level 12. HP: 53/69 MP: 18/21
 13005 | D:11     | Offered knowledge of Ignite Poison by Vehumet.
 13080 | D:11     | Found a staircase to the Lair.
 13132 | D:11     | Reached skill level 1 in Shields
 13612 | D:11     | Noticed a two-headed ogre
 13616 | D:11     | Killed a two-headed ogre
 13700 | D:11     | Found a transporter.
 13711 | D:11     | Found a transporter.
 13728 | D:11     | Found a transporter.
 13893 | D:11     | Found a transporter.
 13898 | D:11     | Found Wirronig's Magic Scroll Shoppe.
 13901 | D:11     | Bought a scroll of identify for 30 gold pieces
 13901 | D:11     | Bought a scroll of magic mapping for 52 gold pieces
 13901 | D:11     | Bought a scroll of identify for 30 gold pieces
 13901 | D:11     | Bought a scroll of holy word for 112 gold pieces
 13901 | D:11     | Bought a scroll of fog for 30 gold pieces
 13901 | D:11     | Bought a scroll of teleportation for 45 gold pieces
 13901 | D:11     | Bought a scroll of teleportation for 45 gold pieces
 14188 | D:11     | Found a transporter.
 14504 | D:12     | Reached skill level 5 in Dodging
 14675 | D:12     | Reached skill level 5 in Fire Magic
 14710 | D:12     | Got a fine turquoise ring
 14712 | D:12     | Identified the ring of Puep {Ice rPois} (You found it on
                  | level 12 of the Dungeon)
 14803 | D:12     | Reached skill level 5 in Evocations
 15346 | D:13     | Noticed a centaur warrior
 15355 | D:13     | Killed a centaur warrior
 15419 | D:13     | Noticed a two-headed ogre
 15422 | D:13     | Killed a two-headed ogre
 15522 | D:13     | Noticed a vault guard
 15523 | D:13     | Noticed a tengu warrior
 15528 | D:13     | Killed a tengu warrior
 15540 | D:13     | Noticed a stone giant
 15550 | D:13     | Killed a vault guard
 15552 | D:13     | Hit by a large rock thrown by a stone giant

Illustrated notes

Levels and vault maps discovered:
D:1:      mrwooster_arrival_statue_2, layout_basic
D:2:      layout_rooms, minmay_misc_feat_tiny, kennysheep_generic_room_2
D:3:      layout_loops_cross, nicolae_qazlal_general_emergency, uniq_grinder
D:4:      layout_basic
D:5:      layout_loops_cross, gammafunk_temple_overflow_arena,
          minmay_temple_entry_fiery, minmay_quadrilaterals, uniq_eustachio,
          uniq_pikel
D:6:      lemuel_ratsnest, layout_basic, uniq_duvessa
D:7:      statuecave_lemuel, layout_rooms, serial_shops, shop,
          uniq_prince_ribbit1, uniq_menkaure
D:8:      minmay_the_grid_octo_2x2 [minmay_the_grid_octo_odd_swirl,
          minmay_the_grid_octo_thin_diamonds, minmay_the_grid_octo_fan_narrow,
          minmay_the_grid_octo_prize_big_c], layout_rooms, special_room
          [special_room_orc]
D:9:      gammafunk_jiyva_shrine, layout_rooms, minmay_alternating_orb
D:10:     layout_loops_corners, orc_0_dummy, uniq_maggie
D:11:     gammafunk_the_bubble [the_bubble_gammafunk_roulette],
          layout_stronghold, erik_lair_island, serial_shops, shop,
          grunt_decor_one_mirror
D:12:     layout_long_grid
D:13:     minmay_chambers_of_sevens, layout_cave_pods, david_vaults_5, uniq_urug
Temple:   kilobyte_greek_temple

Skill      XL: |  1  2  3  4  5  6  7  8  9 10 11 12 |
---------------+-------------------------------------+-----
Earth Magic    | 4 5 6 7 8 9 10 | 10.7
Spellcasting   | 3 4 5 6 7 8 |  8.2
Conjurations   | 2 3 4 6 7 8 9 |  9.0
Fighting       | 2 3 5 6 |  6.6
Maces & Flails | 1 3 4 5 |  5.9
Armour         | 1 3 4 5 6 |  6.0
Dodging        | 2 3 4 5 |  5.2
Evocations     | 1 2 3 4 5 |  5.2
Fire Magic     | 1 4 5 |  5.7
Shields        | 3 |  3.1
Stealth        | |  2.1
Transmutations | |  0.7

Action                   |  1- 3 |  4- 6 |  7- 9 | 10-12 || total
-------------------------+-------+-------+-------+-------++-------
Melee: Club              |    84 |    38 |   245 |       ||   367
       Unarmed           |     4 |       |       |       ||     4
       Whip              |       |       |   116 |   578 ||   694
 Cast: Sandblast         |    24 |    33 |    77 |    51 ||   185
       Stone Arrow       |       |     1 |    63 |    55 ||   119
       Lee's Rapid Decon |       |       |     2 |    28 ||    30
       Bolt of Magma     |       |       |       |     9 ||     9
       Iron Shot         |       |       |       |    30 ||    30
Evoke: Wand              |       |       |    11 |     7 ||    18
  Use: Scroll            |     7 |     2 |     7 |    11 ||    27
       Potion            |       |       |    12 |       ||    12
 Stab: Sleeping          |     1 |     2 |     3 |     4 ||    10
       Distracted        |       |       |       |     1 ||     1
Armor: Robe              |    48 |    29 |   166 |   253 ||   496
       Skin              |       |       |    47 |       ||    47
Dodge: Dodged            |    70 |    39 |   278 |   360 ||   747
Block: Buckler           |       |       |       |    43 ||    43

Table legend: (Time is in decaauts)
 A = Elapsed time spent in this place.
 B = Non-inter-level travel time spent in this place.
 C = Inter-level travel time spent in this place.
 D = Time resting spent in this place.
 E = Time spent auto-exploring this place.
 F = Levels seen in this place.
 G = Mean time per level.
                   A        B        C        D        E       F      G
               +--------+--------+--------+--------+--------+-----+--------+
         Total |  15544 |  15130 |    414 |   3469 |   8551 |  14 | 1110.3 |
       Dungeon |  15383 |  15005 |    378 |   3469 |   8430 |  13 | 1183.3 |
        Temple |    160 |    124 |     36 |      0 |    121 |   1 |  160.0 |
               +--------+--------+--------+--------+--------+-----+--------+

Top non-repeatable levels by time:
     D:5: 2017 daAuts
     D:6: 1939 daAuts
     D:8: 1591 daAuts
    D:11: 1549 daAuts
    D:10: 1194 daAuts
     D:3: 1137 daAuts
     D:1: 1022 daAuts
     D:4: 1018 daAuts
     D:2: 944 daAuts
     D:7: 932 daAuts
    D:12: 919 daAuts
     D:9: 874 daAuts
    D:13: 243 daAuts
  Temple: 160 daAuts
